 Dungeon Sprint DCSS version 0.24-a0-549-g45f0056 (webtiles) character file.

Game seed: 8535019524199287769

16 Faca the Slasher (level 2, -8/26 HPs)
             Began as a Draconian Gladiator on Aug 19, 2019.
             Mangled by an iguana (11 damage)
             ... in the Dungeon (Sprint IX: "|||||||||||||||||||||||||||||").
             The game lasted 00:00:26 (40 turns).

Faca the Slasher (Draconian Gladiator)                Turns: 40, Time: 00:00:26

Health: -8/26      AC:  4    Str: 16    XL:     2   Next: 41%
Magic:  2/2        EV: 13    Int:  8    God:
Gold:   0          SH:  0    Dex: 12    Spells: 1/1 levels left

rFire    . . .     SeeInvis .   a - +0 long sword
rCold    . . .     Gourm    .   (no shield)
rNeg     . . .     Faith    .   (armour unavailable)
rPois    .         Spirit   .   b - +0 hat
rElec    .         Reflect  .   (no cloak)
rCorr    .         Harm     .   (no gloves)
MR       .....     NoTele   +   (no boots)
Stlth    +.........             (no amulet)
HPRegen  0.08/turn              (no ring)
MPRegen  0.08/turn              (no ring)

@: lethally poisoned (-8 -> -14)
A: unfitting armour, cold-blooded, AC +4
a: no special abilities


You were in the Dungeon.
You were not hungry.

You visited 1 branch

Inventory:

Hand Weapons
 a - a +0 long sword (weapon)
Missiles
 c - 3 throwing nets (quivered)
Armour
 b - a +0 hat (worn)
Scrolls
 j - a scroll of blinking
Potions
 e - a potion of curing
 g - a potion of haste
 h - 2 potions of magic
 i - a potion of berserk rage
Comestibles
 d - a ration


   Skills:
 + Level 3.5 Fighting
 + Level 4.4 Long Blades
 - Level 2.0 Throwing
 - Level 3.5 Dodging


You had one spell level left.
You didn't know any spells.
Your spell library was empty.

Dungeon Overview and Level Annotations

Branches:
Dungeon (1/1)

Altars:


Innate Abilities, Weirdness & Mutations

Your plain brown scales are hard. (AC +4)
You cannot fit into any form of body armour.
You are cold-blooded and may be slowed by cold attacks.


Message History

The iguana is heavily wounded.
You completely miss the iguana.
The iguana is heavily wounded.
You feel sick. The iguana bites you.
You hit the iguana.
The iguana is severely wounded.
You feel sick. The iguana closely misses you.
You barely miss the iguana.
You tail-slap the iguana, but do no damage.
The iguana is severely wounded.
You feel sick. The iguana bites you.
* * * LOW HITPOINT WARNING * * *
You hit the iguana but do no damage.
The iguana is severely wounded.
The iguana misses you.
You hit the iguana.
The iguana is severely wounded.
* * * LOW HITPOINT WARNING * * *
You feel sick. The iguana bites you!
You die...

▓+▓
▓.▓
▓.▓
▓5▓
▓s▓
▓Z▓
▓l▓
▓@▓
▓.▓
▓.▓
▓.▓
▓†▓
▓)▓
▓.▓
▓.▓
▓.▓


You could see an iguana, a shadow imp, a bat zombie and a giant cockroach.

Vanquished Creatures
  An adder (D)
  A bat (D)
  A goblin (D)
  2 hobgoblins (D)
  A kobold (D)
6 creatures vanquished.

Notes
Turn   | Place    | Note
-------+----------+-------------------------------------------
     0 | D        | Faca the Draconian Gladiator began the quest for the Orb.
     0 | D        | Reached XP level 1. HP: 17/17 MP: 1/1
    22 | D        | Noticed an iguana
    33 | D        | Reached skill level 4 in Long Blades
    33 | D        | Reached XP level 2. HP: 17/26 MP: 2/2
    40 | D        | Mangled by an iguana

Levels and vault maps discovered:
D:        linesprint [early_d, line_temple, items_1, d_10, items_2, lair_1,
          lair_end, items_3, orc_1, orc_end, items_4, d_15, swamp_1, shoals_1,
          snake_1, spider_1, d_20, vaults_1, items_5, swamp_end, shoals_end,
          snake_end, spider_end, vaults_end, d_27, items_6, zot_1, zot_end,
          crypt_end, forest_end, elf_end, slime_end, tomb_end, abyss_end,
          pan_hell_end]

Skill      XL: |  1 |
---------------+----+-----
Dodging        | 3 |  3.5
Throwing       | 2 |  2.0
Fighting       | 3 |  3.5
Long Blades    | 4 |  4.4

Action                   || total
-------------------------++-------
Melee: Long sword        ||    29
       Tailslap          ||     2
  Use: Potion            ||     1
Armor: Skin              ||     5
Dodge: Dodged            ||    20
       Rpst.: Long sword ||     5

Table legend:
 A = Non-vault XP
 B = Vault XP
 C = Vault XP percentage of total XP
 D = Non-vault monster count
 E = Vault monster count
 F = Vault count percentage of total count
                 A         B        C        D         E       F
            +---------+---------+-------+---------+---------+-------
      Total |       0 |      24 | 100.0 |       0 |       6 | 100.0
            +---------+---------+-------+---------+---------+-------
          D |       0 |      24 | 100.0 |       0 |       6 | 100.0
            +---------+---------+-------+---------+---------+-------
